 Dungeon Crawl Stone Soup version 0.30.1-11-g7821555f0a (webtiles) character file.

Game seed: 11079188145109750368

111 Okkudo the Chopper (level 4, -1/41 HPs)
             Began as a Hill Orc Monk on Dec 5, 2023.
             Killed from afar by an orc wizard (8 damage)
             ... with a magic dart
             ... on level 3 of the Dungeon.
             The game lasted 00:05:31 (1710 turns).

Okkudo the Chopper (Hill Orc Monk)                  Turns: 1710, Time: 00:05:32

Health: -1/41      AC:  8    Str: 15    XL:     4   Next: 92%
Magic:  4/4        EV:  7    Int: 10    God:
Gold:   105        SH:  0    Dex: 13    Spells: 3/3 levels left

rFire   . . .        a - +0 hand axe
rCold   . . .        d - orb {light}
rNeg    . . .        j - +0 chain mail
rPois   .            (no helmet)
rElec   .            (no cloak)
rCorr   .            (no gloves)
SInv    .            (no boots)
Will    .....        (no amulet) Stlth
                     (no ring)
HPRegen 0.26/turn    (no ring)
MPRegen 0.09/turn

%: no passive effects
@: glowing
A: no striking features
a: no special abilities


You were on level 3 of the Dungeon.
You visited 1 branch of the dungeon, and saw 3 of its levels.

You collected 105 gold pieces.

Inventory:

Hand Weapons
 a - a +0 hand axe (weapon)
Missiles
 f - 3 curare-tipped darts (quivered)
Armour
 d - an orb of light (worn)
 j - a +0 chain mail (worn)
Scrolls
 b - 3 scrolls of immolation {unknown}
 e - a scroll of amnesia {unknown}
 h - 4 scrolls of identify {unknown}
 i - a scroll of blinking {unknown}
 k - a scroll of enchant armour {unknown}
 m - a scroll of enchant weapon {unknown}
 n - a scroll of magic mapping {unknown}
Potions
 c - a potion of ambrosia
 g - 3 potions of curing {unknown}
 l - a potion of lignification {unknown}


   Skills:
 + Level 4.8 Fighting
 * Level 5.9 Axes
 - Level 2.8 Dodging


You had 3 spell levels left.
You didn't know any spells.
Your spell library was empty.

Dungeon Overview and Level Annotations

Branches:
Dungeon (3/15)

Altars:


Message History

The orc wizard closely misses you. The orc closely misses you.
You bump into the rock wall.
The orc wizard hits you but does no damage.
The orc hits you with a +0 club.
* * * LOW HITPOINT WARNING * * *
You hit the orc wizard.
The orc wizard is heavily wounded.
You hit the orc but do no damage. The orc wizard barely misses you.
The orc barely misses you.
You closely miss the orc wizard.
The orc wizard is heavily wounded.
You barely miss the orc.
The orc wizard hits you with a +0 dagger.
* * * LOW HITPOINT WARNING * * *
The orc barely misses you.
You feel less confused.
The orc wizard hits you with a +0 dagger.
* * * LOW HITPOINT WARNING * * *
You hit the orc but do no damage.
The orc is severely wounded.
You barely miss the orc wizard.
The orc wizard hits you but does no damage.
The orc hits you but does no damage.
You hit the orc wizard.
The orc wizard is heavily wounded.
You hit the orc but do no damage.
The orc wizard points at you and mumbles some strange words.
The magic dart hits you but does no damage.
The orc hits you with a +0 club.
* * * LOW HITPOINT WARNING * * *
You closely miss the orc wizard.
The orc wizard is heavily wounded.
You hit the orc.
You kill the orc!
The orc wizard closely misses you.
You hit the orc wizard but do no damage.
The orc wizard is heavily wounded.
The orc wizard casts a spell at you. The magic dart hits you!
You die...

#.....# ......
#####..###......
#...............
#...$....)......
#.......=.......
#..........#####
#............#
#####..###...#
###@o###...#
#..))......#
#.....)....+
#..........#
#.......##....
#.......# ...
##.#..### ..
#.#..# . #.#..#


You could see an orc wizard (invisible).

Vanquished Creatures
  An orc wizard (D:3)
  2 adders (D:2)
  A gnoll (D:1)
  A worm (D:2)
  2 dart slugs (D:1)
  3 orcs (D:3)
  5 bats
  6 endoplasms
  A giant cockroach (D:2)
  6 goblins (D:1)
  3 hobgoblins
  A quokka (D:2)
  5 ball pythons
  3 frilled lizards
  A kobold (D:1)
  5 rats
46 creatures vanquished.

Notes
Turn   | Place    | Note
-------+----------+-------------------------------------------
     0 | D:1      | Okkudo the Hill Orc Monk began the quest for the Orb.
     0 | D:1      | Reached XP level 1. HP: 19/19 MP: 1/1
   191 | D:1      | Reached XP level 2. HP: 27/27 MP: 2/2
   350 | D:1      | Reached XP level 3. HP: 13/33 MP: 3/3
  1043 | D:2      | Reached skill level 5 in Axes
  1157 | D:2      | Reached XP level 4. HP: 41/41 MP: 4/4
  1710 | D:3      | Killed from afar by an orc wizard

Illustrated notes

Levels and vault maps discovered:
D:1:      dpeg_arrival_three_smaller_balls, layout_loops_ring
D:2:      layout_rooms
D:3:      layout_basic, minmay_goblin_kobold_house

Skill      XL: |  1  2  3 |
---------------+----------+-----
Fighting       | 4 |  4.8
Axes           | 5 |  5.9
Dodging        | |  2.8

Action                     |  1- 3 |  4- 6 || total
---------------------------+-------+-------++-------
  Melee: Hand axe          |    95 |    50 ||   145
  Throw: Dart              |     3 |       ||     3
 Armour: Robe              |     9 |       ||     9
         Chain mail        |    28 |    30 ||    58
  Dodge: Dodged            |    50 |    20 ||    70
